[Event "FIDE Womens Grand Prix-I 2022-23"]
[Site "Nur-Sultan"]
[Date "2022.09.20"]
[Round "3.5"]
[White "Wagner, Dinara"]
[Black "Abdumalik, Zhansaya"]
[Result "1/2-1/2"]
[ECO "E11"]
[WhiteElo "2341"]
[BlackElo "2495"]
[Annotator "TA"]
[PlyCount "195"]
[EventDate "2022.09.15"]
[EventType "tourn"]
[EventCountry "KAZ"]
[SourceTitle "playchess.com"]
[Source "ChessBase"]
[SourceQuality "1"]
[TimeControl "40/5400+30:1800+30"]

1. d4 Nf6 2. c4 e6 3. Nf3 d5 4. g3 Bb4+ 5. Bd2 Be7 6. Bg2 O-O 7. O-O c6 8. Qc2 Nbd7 {[%emt 0:02:52] is the new trend.} 9. b3 b6 10. Rd1 {[%emt 0:00:29] BESTDEEP} a5 {[%emt 0:06:29] CPLX 2.3 8 (Bc8-a6) (=8). E11: Bogo-Indian.} 11. Bc3 {[%emt 0:00:27] CPLX 2.3 4 (e2-e3) (=2)} Ne4 {[%emt 0:05:43] CPLX 2.2 27 (Bc8-b7) (=18)} 12. Ne5 {[%emt 0:01:29] BESTDEEP} Nxe5 {[%emt 0:04:11] EASY. White is slightly better.} 13. Bxe4 {[%emt 0:00:19] CPLX 3.7} Ng6 {[%emt 0:02:14] CPLX 3.2} 14. Bg2 {[%emt 0:00:25] CPLX 2.5 9 (Be4-f3) (=3)} f5 {[%emt 0:00:41] CPLX 2.2 1 (Bc8-a6) (=7)} 15. e3 {[%emt 0:01:38] CPLX 2.1 1 (Nb1-d2) (=2)} Ba6 {[%emt 0:07:37] CPLX 2.2} 16. Nd2 {[%emt 0:03:43] EASY} Nh8 {[%emt 0:01:42] [#] BESTDEEP} 17. f3 $146 {[%emt 0:27:37] CPLX 2.2 27 (h2-h4) (=5)} ({Predecessor:} 17. Nf3 Nf7 18. a4 Re8 19. Bb2 Rc8 20. Rac1 Bd6 21. Ne1 Ng5 22. f3 c5 23. dxc5 Bxc5 {½-½ (34) Walczak,P (2457)-Lifanov,V (2442) ICCF email 2013}) 17... Bf6 {[%emt 0:11:17] CPLX 2.1 4 (Nh8-f7) (=5)} 18. Kh1 {[%emt 0:01:53] CPLX 2.2 8 (Bc3-b2) (=5)} Ng6 {[%emt 0:04:27] CPLX 2.2 20 (g7-g6) (=7)} 19. Re1 {[%emt 0:11:20] CPLX 2.2 10 (Bc3-b2) (=6)} Ra7 {[%emt 0:02:38] CPLX 2.2 14 (Ra8-c8) (=7)} 20. Rad1 {[%emt 0:03:07] CPLX 2.2 4 (f3-f4) (=6)} Rd7 {[%emt 0:05:53] CPLX 2.2 16 (Ng6-e7) (=8)} 21. Bb2 {[%emt 0:04:15] CPLX 2.2 7 (f3-f4) (=6)} Ne7 {[%emt 0:05:23] CPLX 2.2 9 (b6-b5) (=8)} 22. f4 {[%emt 0:11:01] CPLX 2.2 8 (c4-c5) (=6)} dxc4 {[%emt 0:08:14] CPLX 2.3 34 (c6-c5) (=10)} 23. bxc4 {[%emt 0:05:29] RECAPT 29 (Nd2xc4) (=8)} c5 {[%emt 0:01:35] CPLX 2.3} 24. Nf3 {[%emt 0:07:50] CPLX 2.6 51 (Bb2-a3) (=11)} ({White should play} 24. Ba3 $14) 24... Qc8 {[%emt 0:06:34] CPLX 2.5 43 (Qd8-c7) (=12)} 25. dxc5 {[%emt 0:07:41] [#] Hoping for Rxd7. MISSDEEP-d4-d5 43 (d4-d5) (=13)} (25. d5 $5) 25... Rxd1 {[%emt 0:00:54] CPLX 3.2} 26. Rxd1 {[%emt 0:00:04] RECAPT} Qxc5 {[%emt 0:01:40] CPLX 2.8} 27. Ne5 {[%emt 0:01:22] BESTDEEP} Rc8 {[%emt 0:01:59] BESTDEEP} 28. Nd7 {[%emt 0:07:10] MISS-Bb2-d4 0 (Bb2-d4) (=11)} Qxc4 {[%emt 0:04:14] CPLX 3.3} 29. Qxc4 {[%emt 0:00:13] RECAPT} Rxc4 {[%emt 0:00:41] RECAPT} 30. Bxf6 {[%emt 0:00:17] MISS-Nd7xf6 0 (Nd7xf6) (=10)} gxf6 {[%emt 0:00:05] RECAPT} 31. Nxf6+ {[%emt 0:00:03] RECAPT} Kg7 {[%emt 0:00:33] CPLX 2.0} 32. Nd7 {[%emt 0:00:56] CPLX 2.2 7 (Nf6-e8) (=9)} Rc2 {[%emt 0:02:05] CPLX 2.0 7 (b6-b5) (=8)} 33. Nxb6 {[%emt 0:01:39] RELBLUND 70 (Kh1-g1) (=12)} (33. Kg1 $11) 33... Rxa2 {[%emt 0:00:56] CPLX 2.2 70 (Rc2-b2) (=11)} (33... Rb2 $1 $15 34. Nd7 Rxa2) 34. h3 $11 {[%emt 0:00:55] BESTDEEP} Bb5 {[%emt 0:01:03] CPLX 2.2 0 (Kg7-f7) (=10)} 35. Rb1 $1 {[%emt 0:02:33] DEEPSTRONG} Ba6 {[%emt 0:02:02] CPLX 2.4 0 (Bb5-d3) (=10)} 36. Nd7 {[%emt 0:00:35] RELBLUND 108 (Rb1-d1) (=14)} (36. Rd1 $11 {keeps the balance.}) 36... a4 $17 {[%emt 0:02:27] CPLX 2.2=>BLUNDERREACT} 37. Nc5 {[%emt 0:00:51][%csl LRa6,LRe6] CPLX 2.2} Bc8 {[%emt 0:00:53] CPLX 2.5} 38. Rb8 {[%emt 0:02:13] CPLX 2.2 117 (Bg2-b7) (=17)} (38. Bb7 $17 {keeps fighting.}) 38... a3 {[%emt 0:01:19] CPLX 2.5 8 (Kg7-f6) (=9)} 39. Ra8 {[%emt 0:00:29] CPLX 2.7 0 (Rb8-b3) (=17)} Rc2 {[%emt 0:00:31] CPLX 2.7 89 (Kg7-f6) (=12)} (39... Kf6 $19 {aiming for ...Rc2.} 40. e4 Rc2 41. e5+ Kg6 42. Rxa3 Rxc5) 40. Ra7 {[%emt 0:00:15] MISSDEEP-Nc5xe6 136 (Nc5xe6) (=21)} (40. Nxe6+ $17 Bxe6 41. Rxa3) 40... Kf6 $19 {[%emt 0:02:50] CPLX 3.2} ({Don't blunder} 40... Rxc5 $2 41. Rxe7+ Kf6 42. Ra7) 41. Nd3 {[%emt 0:12:33] CPLX 3.5 110 (Ra7xa3) (=23)} (41. Rxa3 $142 Rxc5 42. e4) 41... a2 {[%emt 0:08:26][%cal Oc8d7] EASY} 42. g4 {[%emt 0:00:33] BESTDEEP} fxg4 {[%emt 0:06:49] CPLX 4.0 103 (h7-h6) (=14)} 43. hxg4 {[%emt 0:00:17] RECAPT} Rd2 {[%emt 0:00:43] And now ...Rd1+ would win. CPLX 3.8 14 (h7-h6) (=14)} 44. g5+ {[%emt 0:04:58] [#] CPLX 4.1 0 (Bg2-f1) (=21)} Kg7 $2 {[%emt 0:07:44] MISSDEEP-Kf6-f7 162 (Kf6-f7) (=18)} ({And not} 44... Kf5 45. Ne5 Re2 46. Kh2 $17) (44... Kf7 $1 $19 {White must now prevent ...Rd1+.} 45. Bf1 Rd1 46. Rxa2 Rxf1+ 47. Kg2 Rb1) 45. Rxe7+ $11 {[%emt 0:02:36] EASY} Kf8 {[%emt 0:00:10] CPLX 3.5 2 (Kg7-g8) (=18)} 46. Ra7 {[%emt 0:00:10] Threatens to win with Bf1. EASY} Rd1+ {[%emt 0:00:06] EASY} 47. Kh2 {[%emt 0:00:03][%cal Oa7a2] EASY} a1=Q {[%emt 0:00:09] CPLX 3.8} 48. Rxa1 {[%emt 0:00:05] EASY} Rxa1 {[%emt 0:00:01][%mdl 4096] Endgame KRB-KBN. RECAPT} 49. Be4 {[%emt 0:01:45] CPLX 2.3 18 (Kh2-g3) (=19)} Kg7 {[%emt 0:00:44] CPLX 2.4 18 (Ra1-a4) (=16)} 50. Kg3 {[%emt 0:00:04] CPLX 2.4} Ra3 {[%emt 0:01:14] CPLX 2.4 0 (Ra1-g1) (=16)} 51. Kf3 {[%emt 0:01:19] CPLX 2.4 0 (Kg3-f2) (=18)} h6 {[%emt 0:00:32] CPLX 2.5 0 (Ra3-c3) (=15)} 52. gxh6+ {[%emt 0:00:37] CPLX 2.7} Kxh6 {[%emt 0:00:04] RECAPT} 53. Ne5 {[%emt 0:00:54] CPLX 2.3} Kg7 {[%emt 0:00:52] CPLX 2.3 0 (Bc8-a6) (=15)} 54. Nc6 {[%emt 0:03:58] CPLX 2.3 0 (Be4-d3) (=17)} Kf6 {[%emt 0:01:01] CPLX 2.2 0 (Bc8-a6) (=14)} 55. Nd4 {[%emt 0:00:33] MISS-Nc6-e5 2 (Nc6-e5) (=17)} Ba6 {[%emt 0:00:46] CPLX 2.4 2 (Ra3-a4) (=14)} 56. Bc6 {[%emt 0:01:08] CPLX 2.4 6 (Nd4-c6) (=16)} Rc3 {[%emt 0:00:59][%cal Oc3c6] Strongly threatening ...Rxc6! CPLX 2.3 4 (Ra3-a1) (=14)} 57. Be4 {[%emt 0:01:16] CPLX 2.4} Bc4 {[%emt 0:00:20] CPLX 2.4 4 (Rc3-c4) (=14)} 58. Bb7 {[%emt 0:02:21] CPLX 2.3 4 (Nd4-c6) (=16)} Ra3 {[%emt 0:00:46] CPLX 2.3 0 (Rc3-d3) (=13)} 59. Be4 {[%emt 0:00:13] CPLX 2.3} Ra2 {[%emt 0:00:17] CPLX 2.4 8 (Bc4-f1) (=13)} 60. Bb7 {[%emt 0:00:28] CPLX 2.4 8 (Be4-c2) (=15)} Rb2 {[%emt 0:00:26] CPLX 2.4 0 (Ra2-a7) (=13)} 61. Bc6 Bf1 62. Kg3 Ra2 63. Bb7 Bd3 64. Bc6 Rb2 65. Kf3 Bg6 66. Kg3 Ra2 67. Kf3 Ra3 68. Bb7 e5 69. fxe5+ Kxe5 70. Nc6+ Kf6 71. Nd4 Ra1 72. Bc6 Ke5 73. Kg3 Rf1 74. Nf3+ Kd6 75. Bb7 Rb1 76. Bc8 Kd5 77. Kf4 Rb8 78. Bf5 Bxf5 79. Kxf5 {[%emt 0:00:11] KR-KN} Rf8+ 80. Kg4 Ke4 81. Ng5+ Kxe3 82. Kg3 Rf6 83. Kg4 Rf1 84. Nh3 Rf3 85. Ng5 Rf4+ 86. Kg3 Ra4 87. Nf3 Ke4 {[%emt 0:00:10] ( -> ...Ra3)} 88. Kg4 Ra8 89. Ng5+ {[%emt 0:00:05] The position is equal.} Ke5 90. Nf3+ Kf6 91. Kf4 Ra4+ 92. Ke3 Kf5 93. Nd4+ Ke5 94. Nf3+ Kd5 95. Nd2 Ra2 96. Nf3 Ra3+ 97. Kf4 Rxf3+ 98. Kxf3 {[%emt 0:00:02] White happily takes the draw.  Weighted Error Value: White=0.19 (very precise) /Black=0.15 (very precise)} 1/2-1/2

[Event "FIDE Womens Grand Prix-I 2022-23"]
[Site "Nur-Sultan"]
[Date "2022.09.20"]
[Round "3.6"]
[White "Paehtz, Elisabeth"]
[Black "Zhu, Jiner"]
[Result "1/2-1/2"]
[ECO "A14"]
[WhiteElo "2484"]
[BlackElo "2464"]
[Annotator "TA"]
[PlyCount "61"]
[EventDate "2022.09.15"]
[EventType "tourn"]
[EventCountry "KAZ"]
[SourceTitle "playchess.com"]
[Source "ChessBase"]
[SourceQuality "1"]
[TimeControl "40/5400+30:1800+30"]

1. d4 Nf6 2. Nf3 d5 3. g3 e6 4. Bg2 Be7 5. c4 O-O 6. b3 c5 7. cxd5 Nxd5 8. O-O Nc6 9. Bb2 cxd4 10. Nxd4 Nxd4 11. Bxd4 {[%emt 0:02:47] MISS-Qd1xd4 33 (Qd1xd4) (=33)} b6 {[%emt 0:00:26] BESTDEEP. The position is equal. A14: English Opening: 1...e6 with b3 by White.} 12. Nc3 {[%emt 0:27:26] CPLX 2.3} Bb7 {[%emt 0:00:19] EASY} 13. Nxd5 {[%emt 0:00:30] CPLX 2.4} Bxd5 {[%emt 0:00:12] [#] RECAPT} 14. Be3 $146 {[%emt 0:01:33] CPLX 2.4 0 (Qd1-d3) (=8)} (14. Qd3 {seems wilder.} Rc8 15. Rfd1 Bxg2 16. Kxg2 Qd5+ 17. Qf3) ({Predecessor:} 14. Bb2 Bxg2 15. Kxg2 Qc7 16. e3 Rfd8 17. Qf3 Rd5 18. Rac1 Qb7 19. Rc4 Rc8 20. Rfc1 Rxc4 21. Rxc4 {1-0 (32) Heimsoth,S (2157)-Du Maire,J (2170) Dresden 2016}) 14... Bxg2 {[%emt 0:01:32] BESTDEEP} 15. Qxd8 {[%emt 0:00:16] CPLX 3.2 7 (Kg1xg2) (=8)} Rfxd8 {[%emt 0:00:15] RECAPT} 16. Kxg2 {[%emt 0:00:04] EASY} Ba3 {[%emt 0:03:11] BESTDEEP} 17. Rad1 {[%emt 0:06:48] CPLX 2.0} Rac8 18. Rxd8+ {[%emt 0:01:14] CPLX 2.0} Rxd8 $11 {[%emt 0:00:05][%mdl 4096] Endgame KRB-KRB. RECAPT} 19. Bc1 {[%emt 0:00:10] CPLX 2.0 0 (Rf1-b1) (=4)} Bc5 {[%emt 0:00:59] BESTDEEP} 20. Kf3 {[%emt 0:01:56] BESTDEEP} Kf8 {[%emt 0:01:10] BESTDEEP} 21. Be3 {[%emt 0:00:29] CPLX 2.0 0 (Bc1-f4) (=4)} Bxe3 22. Kxe3 {[%emt 0:00:04] KR-KR. RECAPT} Rc8 {[%emt 0:00:07] CPLX 2.0} 23. Rd1 {[%emt 0:03:23] CPLX 2.0} Ke7 {[%emt 0:00:09] CPLX 2.0} 24. Rd4 {[%emt 0:04:46] CPLX 2.0} Rc2 25. Ra4 {[%emt 0:02:08] BESTDEEP} a5 {[%emt 0:00:10] CPLX 2.0} 26. b4 {[%emt 0:00:42] BESTDEEP} axb4 {[%emt 0:00:55] BESTDEEP} 27. Rxb4 {[%emt 0:00:03] RECAPT} Rxa2 28. Rxb6 {[%emt 0:00:03] EASY} g5 29. Rb4 {[%emt 0:00:46] CPLX 2.0 0 (Rb6-b7) (=2)} Kf6 30. h4 Ra3+ 31. Ke4 {[%emt 0:00:27] A balanced but interesting game.  Weighted Error Value: White=0.03 (flawless) /Black=0.00 (flawless)} (31. Kd2 $11) 1/2-1/2